 Dungeon Crawl Stone Soup version 0.23.2-40-g277498a001 (webtiles) character file.

Game seed: 203660973716323702

72 Eeowdah the Bolt Thrower (level 4, 0/37 HPs)
             Began as a Minotaur Hunter on Aug 23, 2019.
             Succumbed to an adder's poison
             ... on level 2 of the Dungeon on Aug 29, 2019.
             The game lasted 00:23:01 (1704 turns).

Eeowdah the Bolt Thrower (Minotaur Hunter)          Turns: 1704, Time: 00:23:02

Health: 0/37       AC:  0    Str: 18    XL:     4   Next: 7%
Magic:  3/3        EV: 12    Int:  8    God:
Gold:   16         SH:  0    Dex: 10    Spells: 3/3 levels left

rFire    . . .     SeeInvis .   b - +0 short sword
rCold    . . .     Gourm    .   (no shield)
rNeg     . . .     Faith    .   (no armour)
rPois    .         Spirit   .   (helmet restricted)
rElec    .         Reflect  .   (no cloak)
rCorr    .         Harm     .   (no gloves)
MR       .....                  (no boots)
Stlth    +.........             (no amulet)
HPRegen  0.12/turn              (no ring)
MPRegen  0.08/turn              (no ring)

@: lethally poisoned (0 -> -4)
A: retaliatory headbutt, horns 2
a: no special abilities


You were on level 2 of the Dungeon.
You were not hungry.

You visited 1 branch of the dungeon, and saw 2 of its levels.

You collected 16 gold pieces.

Inventory:

Hand Weapons
 a - a +1 hand crossbow
 b - a +0 short sword (weapon)
 h - a +0 club
 m - a +0 short sword
 p - a +0 whip
 s - a +0 club
Missiles
 d - 26 bolts
 e - 29 stones (quivered)
 g - 5 tomahawks
 q - 5 poisoned needles
Armour
 c - a +0 leather armour
 i - a +0 robe
 j - a +0 leather armour {shit}
 t - a +0 leather armour
Jewellery
 l - an uncursed ring of resist corrosion {unknown}
Scrolls
 r - a scroll of identify
Comestibles
 f - 2 rations


   Skills:
 + Level 2.8 Fighting
 + Level 5.6 Crossbows
 + Level 1.6 Armour
 + Level 2.5 Dodging
 + Level 0.8 Stealth


You had 3 spell levels left.
You didn't know any spells.
Your spell library was empty.

Dungeon Overview and Level Annotations

Branches:
Dungeon (2/15)

Altars:


Innate Abilities, Weirdness & Mutations

You reflexively headbutt those who attack you in melee.
You have a pair of horns on your head.


Message History

Keep disrobing?
* * * LOW HITPOINT WARNING * * *
You feel sick.
You start removing your armour.
You continue taking off your +0 leather armour {shit}.
* * * LOW HITPOINT WARNING * * *
You feel sick.
You continue taking off your +0 leather armour {shit}.
* * * LOW HITPOINT WARNING * * *
You feel sick.
You continue taking off your +0 leather armour {shit}. x2
* * * LOW HITPOINT WARNING * * *
You feel sick.
You finish taking off your +0 leather armour {shit}.
Keep equipping yourself?
* * * LOW HITPOINT WARNING * * *
You feel sick.
You start putting on your armour.
You continue putting on your +0 leather armour. x2
You die...

..##.# #.# # #.##.# ###.# #
#.##.# #...# # #.##.# #.### #
#.##.# #.# # ##.##.##### #.# #
#.........###.#######
#..#.#...............
####...@......#.#.#.....
#.....†.....#..###..####
#.##..........## ##.####
######.##.........## ##...#
.................^..## ##.##..
#######.##...........###.#####
#.##..........#.#.##
#.......####.###.## ####.####
#.# ###


There were no monsters in sight!

Vanquished Creatures
  Natasha (D:2)
  3 adders (D:2)
  A giant cockroach (D:1)
  3 goblins
  7 hobgoblins
  A quokka (D:2)
  A bat (D:2)
  2 kobolds
  A rat (D:2)
20 creatures vanquished.

Notes
Turn   | Place    | Note
-------+----------+-------------------------------------------
     0 | D:1      | Eeowdah the Minotaur Hunter began the quest for the Orb.
     0 | D:1      | Reached XP level 1. HP: 18/18 MP: 0/0
   549 | D:1      | Reached XP level 2. HP: 4/25 MP: 1/1
   927 | D:2      | Reached skill level 5 in Crossbows
   969 | D:2      | Noticed Natasha
   989 | D:2      | Killed Natasha
   989 | D:2      | Reached XP level 3. HP: 11/30 MP: 2/2
  1053 | D:2      | Reached skill level 1 in Armour
  1695 | D:2      | Reached XP level 4. HP: 5/37 MP: 3/3
  1702 | D:2      | HP: 1/37 [poisoned by an adder]
  1704 | D:2      | Succumbed to an adder's poison

Skill      XL: |  1  2  3 |
---------------+----------+-----
Crossbows      | 5 |  5.6
Armour         | 1 |  1.6
Fighting       | |  2.8
Dodging        | |  2.5
Stealth        | |  0.8

Action                   |  1- 3 |  4- 6 || total
-------------------------+-------+-------++-------
Melee: Hand crossbow     |    32 |       ||    32
       Headbutt          |    17 |       ||    17
       Short sword       |    42 |       ||    42
 Fire: Hand crossbow     |     3 |       ||     3
  Use: Scroll            |     2 |     1 ||     3
       Potion            |     2 |       ||     2
 Stab: Sleeping          |     1 |       ||     1
  Eat: Ration            |     1 |       ||     1
Armor: Leather armour    |    13 |       ||    13
Dodge: Dodged            |    57 |       ||    57
